 Dungeon Crawl Stone Soup version 0.30-a0-586-g23e55c9e0a (webtiles) character file.

Game seed: 17336552951362736274

18 sokol815 the Sneak (level 2, -3/21 HPs)
             Began as an Octopode Delver on Jan 4, 2023.
             Slain by an ogre
             ... wielding a +0 giant club
              (24 damage)
             ... on level 5 of the Dungeon.
             The game lasted 00:00:27 (101 turns).

sokol815 the Sneak (Octopode Delver)                 Turns: 101, Time: 00:00:28

Health: -3/21      AC:  1    Str: 11    XL:     2   Next: 66%
Magic:  2/2        EV: 13    Int: 12    God:
Gold:   0          SH:  0    Dex: 13    Spells: 1/1 levels left

rFire   . . .      SeeInvis .    a - +0 short sword
rCold   . . .      Faith    .    (no shield)
rNeg    . . .      Spirit   .    (helmet restricted)
rPois   .          Reflect  .    (no amulet)
rElec   .          Harm     .    Z - ring of wizardry {Wiz+, !d}
rCorr   .          Rampage  .    (no ring)
Will    .....                    (no ring)
Stlth   ++++                     (no ring)
HPRegen 0.23/turn                (no ring)
MPRegen 0.08/turn                (no ring)
                                 (no ring)
                                 (no ring)

@: no status effects
A: almost no armour, amphibious, 8 rings, camouflage 1, gelatinous body 1,
(nimble swimmer 1), tentacles
a: no special abilities


You were on level 5 of the Dungeon.
You visited 1 branch of the dungeon, and saw 1 of its levels.

Inventory:

Hand Weapons
 a - a +0 short sword (weapon)
Jewellery
 Z - a ring of wizardry (left tentacle) {Wiz+, !d}
   (You found it on level 5 of the Dungeon)
Wands
 d - a wand of digging (3)
Scrolls
 b - a scroll of fog
 c - a scroll of brand weapon {unknown}
 E - a scroll of fear
 X - 2 scrolls of magic mapping {@r4!r}
Potions
 H - a potion of haste


   Skills:
 - Level 3.0 Fighting
 + Level 3.1 Short Blades
 - Level 2.0 Dodging
 - Level 6.6 Stealth


You had one spell level left.
You didn't know any spells.
Your spell library was empty.

Dungeon Overview and Level Annotations

Branches:
Dungeon (5/15) Zot: 5899
 Temple: D:4-7

Altars:

Annotations:
D:5 exclusion: orc wizard


Innate Abilities, Weirdness & Mutations

You cannot wear most types of armour.
You are amphibious.
You can wear up to eight rings at the same time.
Your skin changes colour to match your surroundings (Stealth+).
Your rubbery body absorbs attacks. (AC +1, EV +1)
((You are camouflaged when in or above water. (Stealth+)))
You have tentacles for arms and can constrict up to eight enemies at once.


Message History

Bad channel name for runrest: 'Jiyva says: Divide and consume' Welcome, sokol815 the Octopode Delver.
The incredible Orb of Zot lies far below, as if waiting for you to find it.
Found a scroll of magic mapping.
Found a stone staircase leading down.
X - 2 scrolls of magic mapping {@r4!r} (gained 1)
Found an embroidered robe.
Z - a ring of wizardry {Wiz+, !d}
Z - a ring of wizardry (left tentacle) {Wiz+, !d} An orc wizard comes into view.
It is wielding a +0 dagger.
Here: an orc wizard, wielding a +0 dagger and wearing a +0 robe (asleep)
The floor.
There is a stone staircase leading down here.
Found a stone staircase leading down.
Found a stone staircase leading down.
An adder comes into view.
The adder hisses angrily.
The adder closely misses you.
You barely miss the adder. You grab the adder. You constrict the adder.
The adder barely misses you.
You barely miss the adder. You constrict the adder.
The adder bites you but does no damage.
You hit the adder. You constrict the adder. The adder misses you. x2
You hit the adder.
You kill the adder!
You have reached level 2!
Health restored: 21; MP restored: 2
c - a scroll labelled GAKOAK DUQELIH An adder comes into view.
An ogre comes into view. It is wielding a +0 giant club.
The helpless adder fails to defend itself.
You impale the adder!!
You kill the adder!
Your Short Blades skill increases to level 3!
The ogre shouts!
You hit the ogre. You barely miss the ogre.
The ogre hits you with a +0 giant club!!
Ouch! That really hurt!
You die...

##...##.#
.......##.##
####...##..#
#...###.#
####...# #.#
......## #.#
......# #.#
......####.#
#....O@...#
#.#########


You could see an ogre.

Vanquished Creatures
  2 adders (D:5)
2 creatures vanquished.

Notes
Turn   | Place    | Note
-------+----------+-------------------------------------------
     0 | D:5      | sokol815 the Octopode Delver began the quest for the Orb.
     0 | D:5      | Reached XP level 1. HP: 16/16 MP: 1/1
    36 | D:5      | Noticed an orc wizard
    76 | D:5      | Reached XP level 2. HP: 21/21 MP: 2/2
    96 | D:5      | Noticed an ogre
    98 | D:5      | Reached skill level 3 in Short Blades
   101 | D:5      | Slain by an ogre

Illustrated notes

Levels and vault maps discovered:
D:5:      layout_rooms, grunt_temple_overflow_open, palyth_stone_intersect

Skill      XL: |  1  2 |
---------------+-------+-----
Short Blades   | 3 |  3.1
Fighting       | |  3.0
Dodging        | |  2.0
Stealth        | |  6.6

Action                   || total
-------------------------++-------
Melee: Short sword       ||     7
       Constrict         ||     1
 Stab: Sleeping          ||     1
Armor: Skin              ||     1
Dodge: Dodged            ||     4

Table legend: (Time is in decaauts)
 A = Elapsed time spent in this place.
 B = Non-inter-level travel time spent in this place.
 C = Inter-level travel time spent in this place.
 D = Time resting spent in this place.
 E = Time spent auto-exploring this place.
 F = Levels seen in this place.
 G = Mean time per level.
                   A        B        C        D        E       F      G
               +--------+--------+--------+--------+--------+-----+--------+
         Total |     99 |     99 |      0 |      0 |     70 |   1 |   99.0 |
       Dungeon |     99 |     99 |      0 |      0 |     70 |   1 |   99.0 |
               +--------+--------+--------+--------+--------+-----+--------+

Top non-repeatable levels by time:
     D:5: 99 daAuts

Table legend:
 A = Kills in this place as a percentage of kills in entire the game.
 B = Kills by you in this place as a percentage of kills by you in the entire game.
 C = Kills by friends in this place as a percentage of kills by friends in the entire game.
 D = Other kills in this place as a percentage of other kills in the entire game.
 E = Experience gained in this place as a percentage of experience gained in the entire game.
 F = Experience gained in this place divided by the number of levels of this place that you have seen.
                   A       B       C       D       E      F
               +-------+-------+-------+-------+-------+----------------------
         Total | 100.0 | 100.0 |   N/A |   N/A | 100.0 |  26.0
       Dungeon | 100.0 | 100.0 |   N/A |   N/A | 100.0 |  26.0
               +-------+-------+-------+-------+-------+----------------------
